 Dungeon Crawl Stone Soup version 0.30-a0-335-ge5acde7520 (webtiles) character file.

Game seed: 15611501731845163724

730 experimilk the Destroyer (level 7, -9/84 HPs)
             Began as a Black Draconian Conjurer on Oct 30, 2022.
             Mangled by a gnoll sergeant
             ... wielding a +2 spear of flaming
              (10 damage)
             ... on level 6 of the Dungeon.
             The game lasted 00:13:21 (5589 turns).

experimilk the Destroyer (Black Draconian Conjurer) Turns: 5589, Time: 00:13:22

Health: -9/84      AC: 23    Str:  7 (9)  XL:     7   Next: 44%
Magic:  1/13       EV:  2    Int: 18 (21) God:
Gold:   172        SH:  0    Dex:  7 (9)  Spells: 8/14 levels left

rFire   + . .      SeeInvis .    c - +5 club
rCold   . . .      Faith    .    (no shield)
rNeg    . . .      Spirit   .    (body armour unavailable)
rPois   +          Reflect  .    (helmet currently unavailable)
rElec   .          Harm     .    (cloak currently unavailable)
rCorr   .          Rampage  .    (gloves currently unavailable)
Will    .....      NoTele   +    (boots currently unavailable)
Stlth   +.........               (no amulet)
HPRegen 0.34/turn                b - ring of protection from fire
MPRegen 0.13/turn                (no ring)

@: mighty, brilliant, short of breath, tree-form
A: stationary, stasis, torment immunity, boosted hp, (breathe lightning), AC +6,
unfitting armour, (electricity resistance), (cold-blooded)
a: no special abilities


You were on level 6 of the Dungeon.
You were a tree.
You visited 1 branch of the dungeon, and saw 6 of its levels.

You collected 172 gold pieces.

Inventory:

Hand Weapons
 c - a +5 club (weapon)
 f - a +0 short sword
Armour
 d - a +0 kite shield
Magical Staves
 q - a staff of cold
Jewellery
 b - a ring of protection from fire (left branch)
 n - a ring of protection from cold
Wands
 h - a wand of paralysis (10)
 p - a wand of polymorph (3)
Scrolls
 e - 2 scrolls of amnesia
Potions
 a - 2 potions of attraction
 i - a potion of might
 l - a potion of degeneration
 o - a potion of heal wounds {unknown}


   Skills:
 + Level 2.3 Fighting
 - Level 2.0 Dodging
 - Level 1.7 Stealth
 - Level 4.0 Spellcasting
 - Level 8.0 Conjurations


You had 8 spell levels left.
You knew the following spells:

 Your Spells              Type           Power      Damage    Failure   Level
a - Magic Dart            Conj           100%       1d8       1%          1
x - Dazzling Flash        Conj/Hex       54%        N/A       9%          3
z - Searing Ray           Conj           96%        2d7       1%          2

Your spell library contained the following spells:

 Spells                   Type           Power      Damage    Failure   Level
 Hailstorm                Conj/Ice       27%        3d7       9%          3
 Fulminant Prism          Conj/Hex       13%        3d9       28%         4
 Iskenderun's Mystic Bla  Conj/Tloc      27%        2d7       28%         4
 Summon Guardian Golem    Hex/Summ       5%         N/A       41%         3
 Ice Form                 Ice/Tmut       5%         N/A       82%         4
 Orb of Destruction       Conj           24%        9d9       99%         7
 Simulacrum               Ice/Necr       2%         N/A       100%        6
 Spellforged Servitor     Conj/Summ      13%        N/A       100%        7


Dungeon Overview and Level Annotations

Branches:
Dungeon (5/15)
 Temple: D:4-7

Altars:
Dithmenos


Innate Abilities, Weirdness & Mutations

You are a tree.
Your roots penetrate the ground, keeping you stationary.
You cannot be teleported.
You are immune to unholy pain and torment.
Your maximum health is greatly increased.
Your equipment is partially melded.
((You can breathe wild blasts of lightning.))
((Your glossy black scales are hard. (AC +6)))
You cannot fit into any form of body armour.
((You are resistant to electric shocks. (rElec)))
((You are cold-blooded and may be slowed by cold attacks.))


Message History

The gnoll sergeant burns you.
The gnoll throws a throwing net.
The throwing net misses you.
The gnoll shouts!
The gnoll barely misses you.
The gnoll sergeant hits you with a +2 spear of flaming!
* * * LOW HITPOINT WARNING * * *
The gnoll sergeant burns you.
* * * LOW HITPOINT WARNING * * *
You hit the gnoll.
The gnoll is moderately wounded.
The gnoll barely misses you.
The gnoll sergeant hits you but does no damage.
The gnoll throws a throwing net.
The throwing net closely misses you.
Unknown command.
You closely miss the gnoll.
The gnoll is moderately wounded.
The gnoll sergeant misses you. The gnoll closely misses you.
The gnoll barely misses you.
The gnoll sergeant hits you with a +2 spear of flaming.
* * * LOW HITPOINT WARNING * * *
The gnoll sergeant burns you.
* * * LOW HITPOINT WARNING * * *
The gnoll completely misses you. The gnoll barely misses you.
It was a potion of degeneration.
There was something very wrong with that liquid.
You feel weakened.
You feel dopey.
You feel clumsy. The gnoll barely misses you.
The gnoll sergeant hits you but does no damage.
The gnoll hits you but does no damage.
It was a potion of lignification.
You turn into a tree.
Your roots penetrate the ground.
The gnoll completely misses you.
The gnoll sergeant hits you but does no damage.
The gnoll hits you but does no damage.
It was a potion of brilliance.
You feel clever all of a sudden. The gnoll hits you with a +0 club.
* * * LOW HITPOINT WARNING * * *
The gnoll hits you but does no damage.
The gnoll sergeant hits you with a +2 spear of flaming!
You die...

...####.#.#g#..
# ...
#.#.#g......#
... .. #.#
........ ... ..
#.. ...#....
..# . ###
........ ...# .
.###.#..##...
.g...# # #gg.#
.## ##♣# ...##
##g.##.....#
#..(')..♣
#.#####...# ...
.# ..#. ....#
... ..


You could see a gnoll sergeant and 3 gnolls.

Vanquished Creatures
  A water moccasin (D:6)
  A black bear (D:4)
  An ogre (D:5)
  2 hounds (D:6)
  Jessica (D:2)
  An iguana (D:6)
  Natasha (thrice) (D:4)
  8 gnolls
  8 adders
  A shadow imp (D:6)
  A white imp (D:6)
  An ufetubus (D:5)
  2 worms (D:2)
  A dart slug (D:2)
  An orc (D:6)
  8 ball pythons
  7 bats
  7 endoplasms
  9 giant cockroaches
  7 goblins
  8 hobgoblins
  4 jackals (D:1)
  10 kobolds
  5 quokkas
  2 frilled lizards (D:1)
  6 rats
106 creatures vanquished.

Notes
Turn   | Place    | Note
-------+----------+-------------------------------------------
     0 | D:1      | experimilk the Draconian Conjurer began the quest for the
                  | Orb.
     0 | D:1      | Reached XP level 1. HP: 14/14 MP: 3/3
   215 | D:1      | Reached XP level 2. HP: 9/20 MP: 0/5
   579 | D:1      | Learned a level 2 spell: Searing Ray
  1342 | D:1      | Reached skill level 5 in Conjurations
  1351 | D:1      | Reached XP level 3. HP: 23/26 MP: 1/6
  1515 | D:1      | Learned a level 3 spell: Dazzling Flash
  1917 | D:2      | Noticed Jessica
  1918 | D:2      | Killed Jessica
  2063 | D:2      | Reached XP level 4. HP: 33/33 MP: 1/7
  2811 | D:2      | Reached skill level 6 in Conjurations
  3219 | D:2      | Reached XP level 5. HP: 36/38 MP: 2/9
  4593 | D:4      | Noticed Natasha
  4596 | D:4      | Killed Natasha
  4665 | D:4      | Found a shadowy altar of Dithmenos.
  4768 | D:4      | Noticed Natasha
  4791 | D:4      | Killed Natasha
  4852 | D:4      | Noticed Natasha
  4856 | D:4      | Killed Natasha
  4857 | D:4      | Reached XP level 6. HP: 46/46 MP: 7/12
  4922 | D:4      | Reached skill level 1 in Fighting
  5456 | D:5      | Entered Level 5 of the Dungeon
  5462 | D:5      | Reached skill level 7 in Conjurations
  5513 | D:5      | You fall into a shaft and drop 1 floor!
  5525 | D:6      | Noticed a water moccasin
  5533 | D:6      | Your scales start taking on a glossy black colour.
  5533 | D:6      | Reached XP level 7. HP: 55/55 MP: 9/13
  5533 | D:6      | Gained mutation: You are resistant to electric shocks.
                  | (rElec) [Black Draconian growth]
  5578 | D:6      | Reached skill level 8 in Conjurations
  5586 | D:6      | HP: 2/56 [gnoll sergeant/+2 spear of flaming (1)]
  5589 | D:6      | Mangled by a gnoll sergeant

Illustrated notes

Levels and vault maps discovered:
D:1:      matt_arrival_debris, layout_basic, serial_corexii_hall,
          corexii_hall_statues_l, chequers_hall_statues_y,
          minmay_misc_feat_rows, minmay_cut_off
D:2:      layout_basic, uniq_jessica
D:3:      layout_basic
D:4:      layout_loops_ring, nicolae_overflow_crystal_walls, uniq_natasha
D:5:      kennysheep_big_flooded_room, layout_cave_pools, portal_sewer_entry_d,
          ebering_ghost_sewer_f
D:6:      layout_rooms, minmay_temple_entry_water_ring,
          minmay_misc_feat_more_columns, grunt_ministairs_15

Skill      XL: |  1  2  3  4  5  6  7 |
---------------+----------------------+-----
Conjurations   | 5 6 7 8 |  8.0
Spellcasting   | 4 |  4.0
Fighting       | 2 |  2.3
Dodging        | 2 |  2.0
Stealth        | |  1.7

Action                   |  1- 3 |  4- 6 |  7- 9 || total
-------------------------+-------+-------+-------++-------
Melee: Club              |    15 |    14 |    24 ||    53
       Unarmed           |     3 |       |       ||     3
       Short sword       |     9 |       |       ||     9
       Tailslap          |     4 |     3 |     2 ||     9
       Punch             |       |     1 |       ||     1
 Cast: Magic Dart        |    44 |   103 |     2 ||   149
       Searing Ray       |     5 |    16 |     2 ||    23
       Dazzling Flash    |       |     1 |     1 ||     2
 Abil: Breathe Lightning |       |       |     3 ||     3
  Use: Potion            |     1 |       |     8 ||     9
       Scroll            |     3 |     3 |     1 ||     7
Armor: Skin              |    18 |     5 |    22 ||    45
Dodge: Dodged            |    26 |    16 |    42 ||    84

Table legend: (Time is in decaauts)
 A = Elapsed time spent in this place.
 B = Non-inter-level travel time spent in this place.
 C = Inter-level travel time spent in this place.
 D = Time resting spent in this place.
 E = Time spent auto-exploring this place.
 F = Levels seen in this place.
 G = Mean time per level.
                   A        B        C        D        E       F      G
               +--------+--------+--------+--------+--------+-----+--------+
         Total |   5602 |   5301 |    301 |   2056 |   2376 |   6 |  933.7 |
       Dungeon |   5602 |   5301 |    301 |   2056 |   2376 |   6 |  933.7 |
               +--------+--------+--------+--------+--------+-----+--------+

Top non-repeatable levels by time:
     D:1: 1969 daAuts
     D:2: 1532 daAuts
     D:4: 989 daAuts
     D:3: 971 daAuts
     D:6: 82 daAuts
     D:5: 56 daAuts
